[ PARTIDA AOE2 · #486387415 ]
UnrankedFrancos vs Saracens
[ ANÁLISIS DE REPETICIÓN · EXTRAÍDO DE LA PARTIDA GRABADA ]
Feudal
—
Castillos
—
Imperial
—
| APM promedio | 42.5 |
| APM pico | 64 |
| eAPM promedio | 13.6 |
| Aldeanos / militares | 16 / 0 |
Foco
⚔️ 8.2% · 🌾 91.8%
Feudal
—
Castillos
—
Imperial
—
| APM promedio | 46.1 |
| APM pico | 59 |
| eAPM promedio | 12.1 |
| Aldeanos / militares | 20 / 0 |
Foco
⚔️ 18.6% · 🌾 81.4%
Feudal
—
Castillos
—
Imperial
—
| APM promedio | 60.4 |
| APM pico | 92 |
| eAPM promedio | 21.3 |
| Aldeanos / militares | 22 / 0 |
Foco
⚔️ 43.4% · 🌾 56.6%
Feudal
—
Castillos
—
Imperial
—
| APM promedio | 3.9 |
| APM pico | 19 |
| eAPM promedio | 2.1 |
| Aldeanos / militares | 3 / 0 |
Foco
⚔️ 0.0% · 🌾 100.0%
Feudal
—
Castillos
—
Imperial
—
| APM promedio | 50.7 |
| APM pico | 84 |
| eAPM promedio | 12.7 |
| Aldeanos / militares | 14 / 0 |
Foco
⚔️ 16.9% · 🌾 83.1%
Feudal
—
Castillos
—
Imperial
—
| APM promedio | 50.9 |
| APM pico | 81 |
| eAPM promedio | 20.3 |
| Aldeanos / militares | 17 / 0 |
Foco
⚔️ 22.4% · 🌾 77.6%
Feudal
—
Castillos
—
Imperial
—
| APM promedio | 59.9 |
| APM pico | 72 |
| eAPM promedio | 20.3 |
| Aldeanos / militares | 20 / 0 |
Foco
⚔️ 27.8% · 🌾 72.2%
Feudal
—
Castillos
—
Imperial
—
| APM promedio | 47.4 |
| APM pico | 70 |
| eAPM promedio | 14.2 |
| Aldeanos / militares | 17 / 0 |
Foco
⚔️ 16.4% · 🌾 83.6%
Mapa de la partida
Recursos iniciales + cada clic de construcción. Líneas = muros · curvas = relieve. ◆ oro · ⬟ piedra · ● bayas · ✦ reliquia · ◌ hueco del cierre
Tu base
Base de Angus McFife
Base de Oni.Nego
Base de Bohnski
Base de Floripa
Base de Benni
Base de Fs.Nicolau Mendes
Base de Crotalus aztec
Terreno inicial suavizado · ◌ = hueco del cierre detectado · pasá el cursor para detalles
Inputs por minuto
— Fs.Maju - - Angus McFife
Build order — Fs.Maju
23 acciones detectadas en el replay
| 0:02 | Crear | Villager (Male) |
| 0:02 | Crear | Villager (Male) |
| 0:03 | Crear | Villager (Male) |
| 0:03 | Crear | Villager (Male) |
| 0:03 | Crear | Villager (Male) |
| 0:05 | Construir | House |
| 0:06 | Construir | House |
| 1:42 | Crear | Villager (Male) |
| 1:47 | Construir | Lumber Camp |
| 2:00 | Crear | Villager (Male) |
| 2:47 | Crear | Villager (Male) |
| 2:47 | Crear | Villager (Male) |
| 3:13 | Crear | Villager (Male) |
| 3:19 | Crear | Villager (Male) |
| 4:11 | Construir | House |
| 4:14 | Construir | House |
| 4:14 | Crear | Villager (Male) |
| 4:14 | Crear | Villager (Male) |
| 4:35 | Crear | Villager (Male) |
| 4:44 | Construir | Mill |
| 4:51 | Construir | Mill |
| 4:53 | Crear | Villager (Male) |
| 5:12 | Crear | Villager (Male) |
Build order — Angus McFife
24 acciones detectadas en el replay
| 0:00 | Crear | Villager (Male) |
| 0:01 | Crear | Villager (Male) |
| 0:01 | Crear | Villager (Male) |
| 0:02 | Construir | House |
| 0:03 | Construir | House |
| 0:29 | Crear | Villager (Male) |
| 0:29 | Crear | Villager (Male) |
| 1:22 | Crear | Villager (Male) |
| 1:50 | Crear | Villager (Male) |
| 1:50 | Crear | Villager (Male) |
| 2:27 | Crear | Villager (Male) |
| 2:27 | Crear | Villager (Male) |
| 2:42 | Crear | Villager (Male) |
| 2:42 | Crear | Villager (Male) |
| 2:53 | Crear | Villager (Male) |
| 2:53 | Crear | Villager (Male) |
| 3:10 | Crear | Villager (Male) |
| 3:21 | Construir | Lumber Camp |
| 3:24 | Crear | Villager (Male) |
| 3:25 | Crear | Villager (Male) |
| 3:48 | Construir | House |
| 4:21 | Crear | Villager (Male) |
| 4:24 | Crear | Villager (Male) |
| 4:43 | Crear | Villager (Male) |
Build order — Oni.Nego
27 acciones detectadas en el replay
| 0:00 | Crear | Villager (Male) |
| 0:01 | Crear | Villager (Male) |
| 0:01 | Crear | Villager (Male) |
| 0:01 | Crear | Villager (Male) |
| 0:02 | Construir | House |
| 0:03 | Construir | House |
| 1:26 | Crear | Villager (Male) |
| 1:26 | Crear | Villager (Male) |
| 1:53 | Construir | Mill |
| 1:54 | Crear | Villager (Male) |
| 1:54 | Crear | Villager (Male) |
| 2:18 | Crear | Villager (Male) |
| 2:18 | Crear | Villager (Male) |
| 2:48 | Crear | Villager (Male) |
| 3:00 | Crear | Villager (Male) |
| 3:00 | Crear | Villager (Male) |
| 3:08 | Construir | House |
| 3:37 | Crear | Villager (Male) |
| 3:37 | Crear | Villager (Male) |
| 3:56 | Crear | Villager (Male) |
| 4:07 | Crear | Villager (Male) |
| 4:07 | Crear | Villager (Male) |
| 4:23 | Crear | Villager (Male) |
| 4:25 | Crear | Villager (Male) |
| 4:25 | Crear | Villager (Male) |
| 5:01 | Crear | Villager (Male) |
| 5:19 | Construir | Lumber Camp |
Build order — Bohnski
5 acciones detectadas en el replay
| 5:00 | Construir | House |
| 5:01 | Construir | House |
| 5:02 | Crear | Villager (Male) |
| 5:02 | Crear | Villager (Male) |
| 5:02 | Crear | Villager (Male) |
Build order — Floripa
21 acciones detectadas en el replay
| 0:00 | Crear | Villager (Male) |
| 0:00 | Crear | Villager (Male) |
| 0:01 | Crear | Villager (Male) |
| 0:01 | Crear | Villager (Male) |
| 0:02 | Construir | House |
| 0:03 | Construir | House |
| 1:22 | Crear | Villager (Male) |
| 2:01 | Crear | Villager (Male) |
| 2:02 | Crear | Villager (Male) |
| 2:10 | Construir | Lumber Camp |
| 2:20 | Crear | Villager (Male) |
| 2:54 | Crear | Villager (Male) |
| 2:57 | Crear | Villager (Male) |
| 3:09 | Crear | Villager (Male) |
| 3:25 | Construir | House |
| 3:26 | Construir | Palisade Wall |
| 3:35 | Crear | Villager (Male) |
| 3:50 | Crear | Villager (Male) |
| 4:49 | Construir | Mining Camp |
| 5:03 | Construir | Mining Camp |
| 5:09 | Crear | Villager (Male) |
Build order — Benni
25 acciones detectadas en el replay
| 0:00 | Crear | Villager (Male) |
| 0:00 | Crear | Villager (Male) |
| 0:02 | Construir | House |
| 0:03 | Construir | House |
| 0:14 | Crear | Villager (Male) |
| 0:14 | Crear | Villager (Male) |
| 1:16 | Crear | Villager (Male) |
| 1:56 | Construir | Lumber Camp |
| 1:57 | Crear | Villager (Male) |
| 2:11 | Crear | Villager (Male) |
| 2:50 | Crear | Villager (Male) |
| 2:56 | Construir | House |
| 3:00 | Crear | Villager (Male) |
| 3:28 | Crear | Villager (Male) |
| 4:01 | Crear | Villager (Male) |
| 4:01 | Crear | Villager (Male) |
| 4:07 | Construir | Mill |
| 4:24 | Construir | House |
| 4:25 | Construir | Palisade Wall |
| 4:27 | Crear | Villager (Male) |
| 4:27 | Crear | Villager (Male) |
| 4:31 | Crear | Villager (Male) |
| 4:31 | Crear | Villager (Male) |
| 4:38 | Construir | Mill |
| 5:02 | Crear | Villager (Male) |
Build order — Fs.Nicolau Mendes
23 acciones detectadas en el replay
| 0:00 | Crear | Villager (Male) |
| 0:02 | Construir | House |
| 0:03 | Construir | House |
| 0:10 | Crear | Villager (Male) ×3 |
| 0:11 | Crear | Villager (Male) |
| 1:17 | Crear | Villager (Male) |
| 1:24 | Construir | Lumber Camp |
| 1:41 | Crear | Villager (Male) |
| 1:41 | Crear | Villager (Male) |
| 1:41 | Crear | Villager (Male) |
| 2:07 | Crear | Villager (Male) |
| 2:08 | Crear | Villager (Male) |
| 2:30 | Crear | Villager (Male) |
| 2:44 | Crear | Villager (Male) |
| 2:44 | Crear | Villager (Male) |
| 3:39 | Crear | Villager (Male) ×2 |
| 3:57 | Construir | House |
| 4:03 | Construir | House |
| 4:09 | Crear | Villager (Male) |
| 4:31 | Construir | House |
| 4:51 | Crear | Villager (Male) ×2 |
| 4:51 | Crear | Villager (Male) |
| 4:54 | Construir | Mining Camp |
Build order — Crotalus aztec
22 acciones detectadas en el replay
| 0:00 | Crear | Villager (Male) |
| 0:00 | Crear | Villager (Male) |
| 0:02 | Construir | House |
| 0:03 | Construir | House |
| 0:08 | Crear | Villager (Male) |
| 0:08 | Crear | Villager (Male) |
| 0:08 | Crear | Villager (Male) |
| 1:21 | Crear | Villager (Male) |
| 1:29 | Construir | Lumber Camp |
| 1:46 | Crear | Villager (Male) |
| 1:46 | Crear | Villager (Male) |
| 2:04 | Crear | Villager (Male) |
| 2:30 | Crear | Villager (Male) |
| 2:31 | Crear | Villager (Male) |
| 2:47 | Crear | Villager (Male) |
| 2:47 | Crear | Villager (Male) |
| 3:05 | Crear | Villager (Male) |
| 3:37 | Crear | Villager (Male) |
| 3:37 | Crear | Villager (Male) |
| 3:50 | Construir | House |
| 4:04 | Crear | Villager (Male) |
| 4:19 | Construir | House |
Cronología de la partida
| 3:26 | Floripa · wall_segment Palisade Wall x1 |
| 4:25 | Benni · wall_segment Palisade Wall x1 |
| 5:08 | Benni · resign |
[ ANÁLISIS IA · 1 CRÉDITO ]
¿Qué pasó realmente en esta partida?
Wolo.gg analiza cada decisión: build order, eco, micro, errores típicos por bracket. Análisis personalizado por WhatsApp o Discord en 30 segundos.
Guía civ
Francos
Perfil
Fs.Maju